 Dungeon Crawl Stone Soup version 0.27-a0-1586-gd5c625afe7 (webtiles) character file.

Game seed: 15522451397490999855

1668 Essalna the Zephyrmancer (level 9, -4/45 HPs)
             Began as a Tengu Air Elementalist on July 18, 2021.
             Was an Initiate of Vehumet.
             Slain by a manticore (10 damage)
             ... on level 6 of the Dungeon.
             The game lasted 00:15:18 (8068 turns).

Essalna the Zephyrmancer (Tengu Air Elementalist)   Turns: 8068, Time: 00:15:18

Health: -4/45      AC:  2    Str:  8    XL:     9   Next: 1%
Magic:  4/21       EV: 19    Int: 19    God:    Vehumet [......]
Gold:   291        SH:  0    Dex: 15    Spells: 17/22 levels left

rFire    . . .     SeeInvis .   p - +1 long sword of Ivea {freeze, rPois rC+}
rCold    + . .     Faith    .   (no shield)
rNeg     . . .     Spirit   .   a - +0 robe
rPois    +         Reflect  .   (helmet restricted)
rElec    .         Harm     .   (no cloak)
rCorr    .         Rampage  .   (no gloves)
Will     .....                  (boots unavailable)
Stlth    ++........             s - amulet of magic regeneration
HPRegen  0.15/turn              i - +4 ring of evasion
MPRegen  0.42/turn              (no ring)

@: spiked, flying quickly and evasively, quick
A: beak, talons 3, nimble flight
a: Renounce Religion


You were on level 6 of the Dungeon.
You worshipped Vehumet.
Vehumet was noncommittal.
You visited 2 branches of the dungeon, and saw 7 of its levels.
You also visited: Sewer.

You collected 291 gold pieces.

Inventory:

Hand Weapons
 p - the +1 long sword of Ivea (weapon) {freeze, rPois rC+}
   (You found it on level 4 of the Dungeon)

   It freezes those it strikes, dealing additional cold damage.
   It can also slow down cold-blooded creatures.
   rC:        It protects you from cold.
   rPois:     It protects you from poison.
Missiles
 b - 7 atropa-tipped darts
Armour
 a - a +0 robe (worn)
Jewellery
 i - a +4 ring of evasion (left hand)
 s - an amulet of magic regeneration (around neck)
 w - an amulet of the acrobat
Wands
 o - a wand of charming (10)
Scrolls
 g - 3 scrolls of identify {unknown}
 n - 4 scrolls of magic mapping {unknown}
 q - a scroll of amnesia {unknown}
 r - a scroll of silence {unknown}
 t - a scroll of blinking {unknown}
 u - a scroll of fear
Potions
 c - 2 potions of might {unknown}
 d - 3 potions of magic {unknown}
 e - 4 potions of mutation {unknown}
 f - a potion of ambrosia {unknown}
 h - a potion of resistance {unknown}
 j - 2 potions of attraction {unknown}
 k - a potion of cancellation {unknown}
 l - 2 potions of heal wounds {unknown}
 m - 2 potions of invisibility {unknown}
 v - 2 potions of lignification {unknown}
 x - a potion of berserk rage {unknown}


   Skills:
 + Level 0.0 Fighting
 + Level 0.0 Armour
 + Level 2.2 Dodging
 - Level 2.0 Stealth
 + Level 7.4 Spellcasting
 - Level 1.3 Conjurations
 + Level 10.8 Air Magic


You had 17 spell levels left.
You knew the following spells:

 Your Spells              Type           Power      Damage    Failure   Level
a - Shock                 Conj/Air       100%       1d9       1%          1
b - Airstrike             Air            24%        N/A       1%          4

Your spell library contained the following spells:

 Spells                   Type           Power      Damage    Failure   Level
 Static Discharge         Conj/Air       30%        N/A       1%          2
 Swiftness                Air            48%        N/A       1%          3
 Apportation              Tloc           14%        N/A       10%         1
 Alistair's Intoxication  Tmut/Pois      4%         N/A       95%         5
 Invisibility             Hex            3%         N/A       100%        6


Dungeon Overview and Level Annotations

Branches:
Dungeon (6/15)             Temple (1/1) D:4           Sewer (visited)

Altars:
Ashenzari
Cheibriados
Dithmenos
Elyvilon
Fedhas
Gozag
Hepliaklqana
Kikubaaqudgha
Makhleb
Nemelex Xobeh
Okawaru
Qazlal
Ru
Sif Muna
Trog
Vehumet
Wu Jian
Xom
Yredelemnul
Zin
The Shining One

Annotations:
D:6 1 transporter, Migumi's ghost, weakling DjTm


Innate Abilities, Weirdness & Mutations

You have a beak for a mouth.
You have claws for feet.
Your magical nature lets you fly swiftly and evasively.


Message History

Casting: Airstrike (dangerous; 1% risk of failure)
Confirm with . or Enter, or press ? or * to list all spells.
Aiming: Airstrike (dangerous; 1% risk of failure)
Press: ? - help, Dir - move target, f/p - manticore
Aim: a manticore (heavily wounded)
The air twists around and strikes the manticore!
The manticore is severely wounded.
Casting: Airstrike (dangerous; 1% risk of failure)
Confirm with . or Enter, or press ? or * to list all spells.
Aiming: Airstrike (dangerous; 1% risk of failure)
Press: ? - help, Dir - move target, f/p - manticore
Aim: a manticore (severely wounded)
The air twists around and strikes the manticore!
The manticore is almost dead.
Casting: Airstrike (dangerous; 1% risk of failure)
Confirm with . or Enter, or press ? or * to list all spells.
You don't have enough magic to cast this spell.
Unknown command.
The manticore barely misses you. The manticore claws you!
The manticore barely misses you.
Casting: Airstrike (dangerous; 1% risk of failure)
Confirm with . or Enter, or press ? or * to list all spells.
Aiming: Shock (safe; 1% risk of failure)
Press: ? - help, Shift-Dir - straight line, f/p - manticore
Aim: a manticore (severely wounded, 84% to hit)
That beam is likely to hit you.
Continue anyway? [Y]es or [N]o only, please.
That beam is likely to hit you.
Continue anyway? [Y]es or [N]o only, please.
That beam is likely to hit you.
Continue anyway? [Y]es or [N]o only, please.
That beam is likely to hit you.
Continue anyway?
Okay, then.
Unknown command.
Unknown command.
Migumi's ghost wails, "You must not fail where I succeeded!"
The manticore bites you!!
* * * LOW HITPOINT WARNING * * *
The manticore claws you!
You die...

#.........#
############.........###
>.......................
.####...####.........###
#...# #.........# #...#
#.........# #...#
########### #...# #.H@#
...............
#####.........#
............
.####.©$####. #. ##### .
5W$). ..=###


You could see a manticore, a quasit and Migumi's ghost.

Vanquished Creatures
  Pikel (D:5)
  Menkaure (D:5)
  An ice beast (D:5)
  A black bear (D:5)
  An ogre (D:4)
  A lemure (D:5)
  A kobold brigand (Sewer)
  A scorpion (D:5)
  A water moccasin zombie (D:5)
  A bullfrog zombie (D:5)
  3 orc priests
  2 hounds (D:5)
  A bullfrog skeleton (D:4)
  A jelly (D:4)
  Terence (D:2)
  3 orc wizards
  An iguana (D:5)
  A hound skeleton (D:4)
  10 adders
  6 river rats
  A shadow imp (D:6)
  2 dart slugs
  A worm (D:4)
  12 orcs
  11 ball pythons
  5 bats
  6 endoplasms
  3 giant cockroaches
  2 hobgoblins
  5 quokkas
  4 frilled lizards
  9 goblins
  18 kobolds
  31 rats
149 creatures vanquished.

Vanquished Creatures (others)
  13 plants (D:5)
13 creatures vanquished.

Grand Total: 162 creatures vanquished

Notes
Turn   | Place    | Note
-------+----------+-------------------------------------------
     0 | D:1      | Essalna the Tengu Air Elementalist began the quest for the
                  | Orb.
     0 | D:1      | Reached XP level 1. HP: 10/10 MP: 4/4
   295 | D:1      | Reached XP level 2. HP: 15/15 MP: 3/6
  1108 | D:1      | Found a faded altar of an unknown god.
  1724 | D:2      | Reached XP level 3. HP: 19/19 MP: 2/8
  1793 | D:2      | Noticed Terence
  1819 | D:2      | Killed Terence
  1820 | D:2      | Reached skill level 5 in Air Magic
  1820 | D:2      | Reached XP level 4. HP: 24/24 MP: 0/9
  2333 | D:2      | Found an ancient bone altar of Kikubaaqudgha.
  3003 | D:3      | Learned a level 4 spell: Airstrike
  3237 | D:4      | Gained mutation: Your magical nature lets you fly swiftly
                  | and evasively. [Tengu growth]
  3237 | D:4      | Reached XP level 5. HP: 23/28 MP: 0/11
  3252 | D:4      | Reached skill level 6 in Air Magic
  3439 | D:4      | Found a glowing drain.
  3444 | Sewer    | Entered a sewer
  4046 | Sewer    | Reached XP level 6. HP: 32/32 MP: 7/13
  4243 | Sewer    | Reached skill level 7 in Air Magic
  5477 | D:4      | Identified the +1 long sword of Ivea {freeze, rPois rC+}
  5567 | D:4      | Found a staircase to the Ecumenical Temple.
  5573 | Temple   | Entered the Ecumenical Temple
  5976 | D:5      | Entered Level 5 of the Dungeon
  5976 | D:5      | Noticed Pikel
  6048 | D:5      | Reached skill level 5 in Spellcasting
  6048 | D:5      | Reached XP level 7. HP: 25/36 MP: 8/15
  6312 | D:5      | Reached skill level 8 in Air Magic
  6487 | D:4      | Found a glowing silver altar of Zin.
  6487 | D:4      | Found a snail-covered altar of Cheibriados.
  6489 | D:4      | Found a radiant altar of Vehumet.
  6490 | D:4      | Found a hazy altar of Hepliaklqana.
  6492 | D:4      | Found a white marble altar of Elyvilon.
  6507 | D:4      | Became a worshipper of Vehumet
  7180 | D:3      | Reached skill level 9 in Air Magic
  7477 | D:5      | Reached XP level 8. HP: 41/41 MP: 8/18
  7718 | D:5      | Killed Pikel
  7719 | D:5      | Reached skill level 10 in Air Magic
  7794 | D:5      | Noticed Menkaure
  7797 | D:5      | Killed Menkaure
  7850 | D:5      | Reached XP level 9. HP: 45/45 MP: 13/21
  8057 | D:6      | Found a transporter.
  8060 | D:6      | Noticed Migumi's ghost (weakling DjTm)
  8060 | D:6      | Noticed a manticore
  8068 | D:6      | Slain by a manticore

Illustrated notes

Levels and vault maps discovered:
D:1:      psy_arrival_basics, layout_basic, shapermc_ecumenical_altar_venn,
          serial_co_window_serial, co_window_paths_a, co_window_corner_a,
          co_window_of_opportunity_a, co_window_corner_a,
          co_window_of_opportunity_a, co_window_2corner,
          co_window_unsneaky_path_c, co_window_cross_4, co_window_corner_b,
          co_window_4corner_b
D:2:      layout_basic, basic_altar, uniq_terence
D:3:      layout_basic
D:4:      layout_cave_pools, minitemple, minmay_temple_entry_enclosed_plants,
          lightli_sewer_entry_pipes
D:5:      layout_rooms, serial_bayou, serial_bayou_pond_c, serial_bayou_pond_a,
          serial_bayou_lake_a, serial_bayou_crossing, eino_tiny_chamber,
          uniq_pikel, uniq_menkaure
D:6:      layout_basic, gammafunk_ghost_stat_death
Temple:   eino_temple_rhombus

Skill      XL: |  1  2  3  4  5  6  7  8 |
---------------+-------------------------+-----
Spellcasting   | 3 4 5 6 7 |  7.4
Air Magic      | 5 6 7 9 10 | 10.8
Dodging        | |  2.2
Stealth        | |  2.0
Conjurations   | |  1.3

Action                   |  1- 3 |  4- 6 |  7- 9 || total
-------------------------+-------+-------+-------++-------
Melee: Unarmed           |     8 |    37 |       ||    45
       Peck              |     1 |    10 |     2 ||    13
       Kick              |       |    10 |       ||    10
       Long sword        |       |     5 |     5 ||    10
 Cast: Shock             |    55 |   228 |    60 ||   343
       Airstrike         |       |     4 |    25 ||    29
  Use: Scroll            |       |     6 |       ||     6
       Potion            |       |     4 |       ||     4
 Stab: Sleeping          |       |     1 |       ||     1
Armor: Robe              |     3 |    13 |     4 ||    20
Dodge: Dodged            |    11 |   153 |    21 ||   185
       Rpst.: Long sword |       |     6 |     3 ||     9

Table legend: (Time is in decaauts)
 A = Elapsed time spent in this place.
 B = Non-inter-level travel time spent in this place.
 C = Inter-level travel time spent in this place.
 D = Time resting spent in this place.
 E = Time spent auto-exploring this place.
 F = Levels seen in this place.
 G = Mean time per level.
                   A        B        C        D        E       F      G
               +--------+--------+--------+--------+--------+-----+--------+
         Total |   7851 |   7661 |    190 |     18 |   6698 |   8 |  981.4 |
       Dungeon |   6350 |   6173 |    177 |     18 |   5409 |   6 | 1058.3 |
        Temple |    170 |    158 |     12 |      0 |    155 |   1 |  170.0 |
         Sewer |   1331 |   1331 |      0 |      0 |   1133 |   1 | 1331.0 |
               +--------+--------+--------+--------+--------+-----+--------+

Top non-repeatable levels by time:
     D:1: 1569 daAuts
     D:4: 1492 daAuts
     D:2: 1369 daAuts
   Sewer: 1331 daAuts
     D:5: 963 daAuts
     D:3: 883 daAuts
  Temple: 170 daAuts
     D:6: 72 daAuts
